 Dungeon Crawl Stone Soup version 0.27.1-35-g4d5d836560 (webtiles) character file.

Game seed: 5979496190713406589

477 Delamore the Cutter (level 7, 0/45 HPs)
             Began as an Octopode Brigand on May 19, 2022.
             Slain by a gnoll (8 damage)
             ... on level 4 of the Dungeon.
             The game lasted 00:04:46 (4131 turns).

Delamore the Cutter (Octopode Brigand)              Turns: 4131, Time: 00:04:47

Health: 0/45       AC:  1    Str: 11    XL:     7   Next: 11%
Magic:  7/7        EV:  7    Int: 13    God:
Gold:   181        SH:  0    Dex: 15    Spells: 6/6 levels left

rFire    . . .     SeeInvis .   s - +0 dagger (elec)
rCold    . . .     Faith    .   m - +0 buckler
rNeg     . . .     Spirit   .   (helmet restricted)
rPois    .         Reflect  .   (no amulet)
rElec    .         Harm     .   (no ring)
rCorr    .         Rampage  .   (no ring)
Will     .....                  (no ring)
Stlth    ++++......             (no ring)
HPRegen  0.15/turn              (no ring)
MPRegen  0.10/turn              (no ring)
                                (no ring)
                                (no ring)

@: about to teleport, held
A: almost no armour, amphibious, 8 rings, camouflage 1, gelatinous body 1,
(nimble swimmer 1), tentacles
a: no special abilities


You were on level 4 of the Dungeon.
You visited 1 branch of the dungeon, and saw 4 of its levels.

You collected 181 gold pieces.

Inventory:

Hand Weapons
 a - a +2 dagger
 c - a +2 vampiric dagger
 d - a +0 short sword of freezing
 s - a +0 dagger of electrocution (weapon)
Missiles
 b - 7 poisoned darts
 e - a curare-tipped dart
 f - 84 stones
 o - 5 javelins (quivered)
Armour
 m - a +0 buckler (worn)
Jewellery
 i - an amulet of faith
Scrolls
 g - a scroll of brand weapon
 h - 2 scrolls of vulnerability
 l - 2 scrolls of amnesia {unknown}
 n - a scroll of holy word {unknown}
 p - a scroll of torment {unknown}
Potions
 k - 2 potions of attraction
 q - a potion of haste {unknown}
 r - a potion of might {unknown}


   Skills:
 - Level 2.0 Fighting
 * Level 5.5 Short Blades
 + Level 4.1 Throwing
 - Level 1.0 Dodging
 - Level 5.3 Stealth
 + Level 3.0 Shields


You had 6 spell levels left.
You didn't know any spells.
Your spell library contained the following spells:

 Spells                   Type           Power      Damage    Failure   Level
 Magic Dart               Conj           0%         1d3       34%         1
 Call Imp                 Summ           0%         N/A       45%         2
 Mephitic Cloud           Conj/Pois/Air  0%         N/A       71%         3
 Cause Fear               Hex            0%         N/A       98%         4
 Summon Lightning Spire   Summ/Air       0%         N/A       98%         4
 Dragon Form              Tmut           0%         N/A       100%        7
 Storm Form               Tmut/Air       0%         N/A       100%        7
 Maxwell's Capacitive Co  Air            0%         ∞         100%        8
 Dragon's Call            Summ           0%         N/A       100%        9


Dungeon Overview and Level Annotations

Branches:
Dungeon (4/15)
 Temple: D:4-7

Altars:


Innate Abilities, Weirdness & Mutations

You cannot wear most types of armour.
You are amphibious.
You can wear up to eight rings at the same time.
Your skin changes colour to match your surroundings (Stealth+).
Your rubbery body absorbs attacks. (AC +1, EV +1)
((You are camouflaged near water. (Stealth+)))
You have tentacles for arms and can constrict up to eight enemies at once.


Message History

The gnoll hits you with a +1 whip of pain.
You writhe in agony.
The gnoll barely misses you.
Your Shields skill increases to level 3!
Throw: 7 javelins
Press: ? - help, Q - select action, (/) - cycle Shift-Dir - straight line, f - gnoll
Aim: a gnoll, wielding a +0 flail (moderately wounded, 65% to hit)
You throw a javelin.
The javelin pierces through the gnoll but does no damage.
The javelin closely misses the gnoll. x2
Throw: 6 javelins
Press: ? - help, Q - select action, (/) - cycle Shift-Dir - straight line, f/p - gnoll
Aim: a gnoll, wielding a +0 flail (moderately wounded, 65% to hit)
Okay, then.
Throw: 6 javelins
Press: ? - help, Q - select action, (/) - cycle Shift-Dir - straight line, f/p - gnoll
Aim: a gnoll, wielding a +0 flail (moderately wounded, 65% to hit)
You throw a javelin. The javelin barely misses the gnoll.
The javelin barely misses the gnoll shaman.
The javelin barely misses the gnoll.
You block the gnoll's attack.
The gnoll shaman calls upon its god to speed up the gnoll.
The gnoll seems to speed up.
The gnoll closely misses you.
The gnoll throws a throwing net.
The throwing net hits you.
You become entangled in the net!
The gnoll hits you with a +0 flail!
The gnoll shaman calls upon its god to heal the gnoll.
The gnoll's wounds heal themselves!
There is a stone staircase leading up here.
You see here a throwing net.
You struggle against the net.
The gnoll hits you with a +0 flail!
As you read the scroll of teleportation, it crumbles to dust.
You feel strangely unstable. The gnoll hits you with a +0 flail!
The gnoll barely misses you. The gnoll shaman barely misses you.
Okay, then.
You tear a large gash into the net.
The gnoll hits you with a +0 flail!
* * * LOW HITPOINT WARNING * * *
The gnoll barely misses you.
You struggle against the net.
The gnoll hits you with a +0 flail.
* * * LOW HITPOINT WARNING * * *
The gnoll hits you from afar with a +0 halberd!
You die...

.# .# .# .# .#
##+######+### .#
#......+...........# .#
#......#...........# .#
#...(..#...........# .#
#......#..@g.##...# .#
#......#..ggg##...########
.#
#......#......'...)(.(....
.#
#......#......#....#)(....
.######......+......#....#
.....
.............#####'#######
##..
..).......................
#
................).........
..........................


You could see a gnoll shaman and 3 gnolls.

Vanquished Creatures
  An ogre (D:4)
  2 centaurs (D:3)
  2 hounds (D:4)
  2 orc wizards (D:3)
  2 gnolls (D:4)
  4 adders
  An adder skeleton (D:4)
  3 dart slugs
  7 orcs
  5 ball pythons
  5 endoplasms
  3 giant cockroaches
  5 hobgoblins
  4 kobolds
  2 quokkas
  4 bats
  2 frilled lizards
  7 goblins
  6 rats
67 creatures vanquished.

Notes
Turn   | Place    | Note
-------+----------+-------------------------------------------
     0 | D:1      | Delamore the Octopode Brigand began the quest for the Orb.
     0 | D:1      | Reached XP level 1. HP: 14/14 MP: 1/1
   320 | D:1      | Reached XP level 2. HP: 19/19 MP: 2/2
  1030 | D:2      | Reached XP level 3. HP: 20/24 MP: 3/3
  1204 | D:2      | Found a faded altar of an unknown god.
  1857 | D:3      | Reached skill level 1 in Shields
  1857 | D:3      | Reached XP level 4. HP: 18/29 MP: 4/4
  1902 | D:3      | Noticed a centaur
  1914 | D:3      | Killed a centaur
  1915 | D:3      | Reached XP level 5. HP: 3/34 MP: 5/5
  2531 | D:3      | Noticed a centaur
  2655 | D:3      | Killed a centaur
  2656 | D:3      | Reached XP level 6. HP: 12/39 MP: 6/6
  3614 | D:4      | Reached skill level 5 in Short Blades
  3779 | D:4      | Reached XP level 7. HP: 16/45 MP: 7/7
  4131 | D:4      | Slain by a gnoll

Illustrated notes

Levels and vault maps discovered:
D:1:      dpeg_arrival_boxorama, layout_loops_corners,
          chequers_hall_statues_wall_a, minmay_misc_feat_columns,
          palyth_stone_intersect, grunt_decor_cap
D:2:      layout_loops_ring, basic_ecumenical_altar
D:3:      minmay_recursive_quarters, layout_basic, kennysheep_small_spiral
D:4:      layout_gridville, uniq_crazy_yiuf_cottage

Skill      XL: |  1  2  3  4  5  6  7 |
---------------+----------------------+-----
Short Blades   | 3 4 5 |  5.5
Shields        | 1 2 3 |  3.0
Throwing       | 3 4 |  4.1
Fighting       | |  2.0
Dodging        | |  1.0
Stealth        | |  5.3

Action                   |  1- 3 |  4- 6 |  7- 9 || total
-------------------------+-------+-------+-------++-------
Melee: Dagger            |    35 |    71 |     8 ||   114
       Constrict         |     8 |    15 |     2 ||    25
       Tentacles         |     6 |    14 |     1 ||    21
       Short sword       |       |     2 |       ||     2
Throw: Javelin           |     5 |     1 |     4 ||    10
       Dart              |     4 |     9 |       ||    13
       Stone             |     4 |       |       ||     4
  Use: Scroll            |     4 |     4 |     1 ||     9
       Potion            |       |     3 |       ||     3
 Stab: Sleeping          |    14 |     6 |       ||    20
Armor: Skin              |     4 |     2 |       ||     6
Dodge: Dodged            |    17 |    41 |     6 ||    64
Block: Buckler           |     4 |    14 |     2 ||    20
